Map: Pillars of Gold LE

Players

Future - Winner!

  • Race: Terran Terran
  • Spawn Location: 7:00

Reynor

  • Race: Zerg Zerg
  • Spawn Location: 1:00

Event: StayAtHomestory Cup #2

VOD

Have the link to the VOD?

Description

Time

  • Played on: June 11, 2020, 12:21 p.m.
  • Length: 9:21
Show
View Real Time Build Order
Export as new Build Order

Future Terran - Winner!

Build Orders: Reaper Expand 

Get SALT Encoding   

  12  0:01  SCV  
  13  0:13  SCV  
  14  0:18  Supply Depot  
  14  0:25  SCV  
  15  0:39  SCV  
  15  0:41  Barracks  
  16  0:46  Refinery  
  16  0:51  SCV  
  17  1:03  SCV  
  18  1:15  SCV  
  19  1:28  Reaper  
  19  1:29  Orbital Command  
  20  1:42  Command Center  
  20  1:52  Supply Depot  
  20  1:54  SCV  
  20  2:00  Marine  
  22  2:06  SCV  
  23  2:10  Factory  
  23  2:15  Refinery  
  23  2:18  SCV  
  25  2:23  Barracks Reactor  
  24  2:34  SCV  
  25  2:46  SCV  
  26  2:56  Starport, Orbital Command  
  26  2:58  SCV  
  27  3:03  Hellion x2  
  31  3:10  SCV, Barracks Tech Lab  
  32  3:19  Supply Depot  
  32  3:22  SCV  
  32  3:24  SCV, Hellion x2  
  38  3:31  Marine, Stimpack  
  39  3:34  SCV  
  39  3:36  SCV  
  41  3:43  Viking  
  41  3:46  SCV  
  41  3:48  SCV  
  45  3:54  Barracks  
  45  3:58  SCV  
  45  4:00  SCV  
  45  4:01  Barracks  
  47  4:05  Marine  
  47  4:08  Factory Reactor  
  48  4:10  SCV  
  48  4:12  SCV  
  48  4:14  Engineering Bay  
  50  4:17  Starport Tech Lab  
  50  4:23  SCV, Marine, Supply Depot  
  52  4:24  SCV  
  53  4:31  Supply Depot  
  53  4:32  Refinery  
  53  4:35  SCV  
  54  4:43  Starport Reactor  
  54  4:45  SCV  
  55  4:47  SCV  
  55  4:50  Marine x3  
  55  4:51  Marine x2  
  55  4:52  Terran Infantry Weapons Level 1  
  61  4:54  Supply Depot  
  61  4:56  Supply Depot  
  61  4:57  SCV  
  61  4:59  SCV  
  63  5:01  Refinery  
  63  5:03  Siege Tank  
  66  5:09  SCV  
  66  5:11  SCV  
  66  5:14  Marine x2  
  68  5:15  Marine x3  
  62  5:29  Medivac  
  62  5:30  Medivac  
  62  5:31  Marine  
  62  5:32  Marine  
  62  5:33  Marine  
  62  5:35  Siege Tank, Marine  
  73  5:36  Marine, Combat Shield  
  73  5:41  Supply Depot  
  76  5:45  Supply Depot  
  76  5:49  Marine x2  
  75  5:51  Marine  
  75  5:53  Missile Turret, Marine x2  
  75  5:56  Missile Turret  
  79  6:00  SCV x2  
  79  6:02  Missile Turret  
  81  6:07  Marine x2  
  81  6:09  Marine  
  81  6:10  Siege Tank  
  87  6:15  Marine x2  
  89  6:20  Supply Depot  
  89  6:21  Medivac, Supply Depot  
  91  6:27  Medivac  
  91  6:32  Marine x2  
  95  6:33  Marine x2  
  95  6:34  Marine  
  98  6:42  Siege Tank  
  100  6:49  Marine  
  100  6:50  Marine  
  100  6:51  Marine  
  101  6:58  Marine  
  101  6:59  Marine  
  94  7:02  Medivac x2  
  94  7:06  Supply Depot  
  94  7:07  Marine, Supply Depot  
  94  7:08  Marine  
  99  7:15  Siege Tank  
  102  7:16  Marine  
  102  7:19  Marine  
  103  7:25  Marine x2  
  103  7:26  Marine  
  105  7:34  Marine  
  105  7:36  Medivac  
  105  7:37  Marine  
  108  7:40  Command Center  
  108  7:41  Medivac  
  108  7:43  Marine x2  
  104  7:44  Marine  
  104  7:49  Siege Tank  
  108  7:52  Marine  
  108  7:54  Marine  
  107  8:05  Medivac  
  107  8:09  Barracks  
  107  8:10  Barracks  
  109  8:17  Marine  
  99  8:21  Siege Tank, Marine  
  99  8:22  Marine  
  99  8:32  Marine  
  99  8:33  Marine, Medivac  
  98  8:35  Marine, Medivac  
  98  8:40  Marine  
  98  8:41  Marine  
  99  8:57  Marine x5  
  99  8:58  Marine  
Show
View Real Time Build Order
Export as new Build Order

Reynor Zerg 

Build Orders: Hatch First, Muta Ling Bane 

Get SALT Encoding   

  12  0:00  Drone  
  13  0:13  Overlord  
  13  0:18  Drone  
  14  0:31  Drone x2  
  16  0:50  Hatchery  
  16  0:53  Drone  
  16  0:57  Drone  
  16  1:01  Drone  
  18  1:11  Extractor  
  18  1:16  Spawning Pool  
  16  1:20  Drone  
  16  1:25  Drone  
  18  1:29  Drone  
  19  1:40  Drone  
  20  1:50  Overlord  
  20  2:03  Queen x2, Zergling x4  
  26  2:11  Drone  
  26  2:13  Drone  
  28  2:21  Metabolic Boost  
  29  2:22  Drone  
  29  2:24  Drone  
  29  2:27  Spore Crawler  
  30  2:34  Drone x2  
  32  2:39  Queen  
  32  2:44  Overlord  
  34  2:45  Drone  
  35  2:53  Queen  
  35  2:54  Extractor  
  37  3:03  Drone x2  
  39  3:06  Drone  
  39  3:07  Overlord  
  39  3:12  Drone x2  
  42  3:13  Drone x2  
  42  3:19  Lair  
  44  3:22  Extractor  
  44  3:23  Drone  
  44  3:25  Drone  
  44  3:27  Drone  
  46  3:29  Drone  
  46  3:30  Drone  
  48  3:36  Overlord  
  48  3:40  Drone  
  49  3:43  Baneling Nest  
  49  3:48  Zergling x4  
  50  3:49  Drone x2  
  52  3:58  Hatchery  
  52  3:59  Drone  
  52  4:04  Queen  
  52  4:07  Drone  
  52  4:08  Drone  
  56  4:11  Extractor x2  
  54  4:17  Drone x3  
  54  4:22  Spire  
  56  4:25  Overlord  
  56  4:27  Drone  
  56  4:31  Overseer  
  57  4:37  Overlord  
  57  4:44  Drone  
  59  4:45  Zergling x4  
  59  4:46  Spore Crawler  
  59  4:50  Overlord  
  59  4:51  Zergling x2  
  60  4:56  Zergling x6  
  63  5:02  Overlord  
  63  5:07  Baneling x2  
  63  5:11  Overlord  
  63  5:13  Zergling x6  
  65  5:21  Overlord  
  62  5:30  Drone x10  
  62  5:32  Drone  
  73  5:40  Zerg Flyer Weapons Level 1  
  73  5:41  Drone  
  74  5:43  Mutalisk x2  
  74  5:47  Mutalisk  
  80  5:52  Mutalisk  
  80  5:53  Mutalisk  
  80  5:54  Mutalisk  
  86  5:58  Mutalisk  
  86  5:59  Drone x4  
  86  6:03  Extractor  
  91  6:04  Extractor  
  91  6:06  Overlord  
  91  6:10  Mutalisk  
  92  6:11  Zergling x2  
  92  6:12  Zergling x2  
  92  6:14  Zergling x2  
  92  6:18  Baneling x2  
  95  6:19  Zergling x2  
  95  6:24  Overlord  
  95  6:25  Zergling x6  
  99  6:27  Baneling x4  
  99  6:28  Zergling x2  
  98  6:33  Zergling x6  
  98  6:34  Baneling x4  
  98  6:36  Zergling x2  
  98  6:38  Baneling x2  
  102  6:40  Zergling x4  
  102  6:46  Baneling x3  
  104  6:48  Zergling x2  
  104  6:51  Queen, Zergling x6  
  104  6:52  Queen  
  105  6:58  Zergling x4  
  88  7:01  Mutalisk  
  88  7:02  Zergling x10  
  88  7:06  Baneling  
  88  7:07  Baneling x4  
  95  7:09  Zergling x4  
  95  7:10  Queen  
  95  7:14  Zergling x2  
  94  7:16  Zergling x2  
  94  7:21  Zergling x8, Centrifical Hooks  
  93  7:26  Zergling x2  
  93  7:28  Zergling x8  
  96  7:33  Queen, Baneling x2  
  98  7:38  Zergling x6  
  98  7:42  Zergling x2  
  94  7:46  Queen  
  94  7:47  Queen, Baneling x4  
  94  7:50  Baneling x5  
  96  7:53  Zergling x6  
  96  7:57  Zergling x6  
  96  7:59  Zergling x2  
  96  8:00  Zergling x2  
  96  8:01  Overlord  
  96  8:03  Baneling x3  
  97  8:07  Overlord  
  93  8:15  Zergling x12  
  93  8:16  Baneling  
  93  8:19  Zergling x4  
  89  8:25  Zergling x6  
  92  8:27  Zergling x4  
  92  8:29  Zergling x2  
  92  8:33  Baneling x5  
  92  8:34  Queen x2, Baneling  
  92  8:37  Zergling x2  
  92  8:39  Zergling x4  
  94  8:48  Zergling x6  
  86  8:56  Baneling  
  86  8:57  Baneling  
  86  8:58  Zergling x14  
  86  9:00  Baneling x4  
  86  9:02  Zergling x2  
  94  9:04  Baneling x2  
Tags
 
Add a new tag
Caveats
  • Supply blocks, unpowered buildings, or Contaminate may cause inaccurate times.
  • Supply counts are checked every 10 seconds.